 Dungeon Crawl Stone Soup version 0.23-a0-261-g133332c (console) character file.

42 bli the Insei (level 3, -14/23 HPs)
             Began as an Octopode Transmuter on Sept 29, 2018.
             Demolished by a gnoll
             ... wielding a +0 halberd
              (17 damage)
             ... on level 2 of the Dungeon.
             The game lasted 00:06:13 (1416 turns).

bli the Insei (Octopode Transmuter)                 Turns: 1416, Time: 00:06:14

Health: -14/23     AC:  1    Str: 10    XL:     3   Next: 56%
Magic:  6/6        EV: 13    Int: 15    God:
Gold:   51         SH:  0    Dex: 12    Spells: 5/6 levels left

rFire    . . .     SeeInvis .   a - +1 dagger (speed)
rCold    . . .     Gourm    .   (no shield)
rNeg     . . .     Faith    .   (helmet restricted)
rPois    .         Spirit   .   (no amulet)
rElec    .         Reflect  .   (no ring)
rCorr    .         Harm     .   (no ring)
MR       .....                  (no ring)
Stlth    +++.......             (no ring)
HPRegen  0.07/turn              (no ring)
MPRegen  0.10/turn              (no ring)
                                (no ring)
                                (no ring)

@: no status effects
A: almost no armour, stealthy swim, amphibious, 8 rings, constrict 8, camouflage
1, gelatinous body 1
a: no special abilities


You were on level 2 of the Dungeon.
You were not hungry.

You visited 1 branch of the dungeon, and saw 2 of its levels.

You collected 51 gold pieces.

Inventory:

Hand Weapons
 a - a +1 dagger of speed (weapon)
 e - a +4 mace
Missiles
 m - 12 arrows
Armour
 n - a +0 buckler
Scrolls
 b - 3 scrolls of enchant weapon {unknown}
 d - a scroll of remove curse {unknown}
 f - a scroll of identify {unknown}
 g - 2 scrolls of teleportation {unknown}
 k - a scroll of fear {unknown}
 l - a scroll of amnesia {unknown}
Potions
 j - a potion of flight {unknown}
Comestibles
 c - 3 rations
 i - 4 chunks of flesh


   Skills:
 * Level 1.4 Fighting
 * Level 1.0 Short Blades
 * Level 2.3 Dodging
 * Level 1.6 Stealth
 + Level 3.4 Unarmed Combat
 + Level 2.0 Spellcasting
 + Level 2.2 Transmutations


You had 5 spell levels left.
You knew the following spells:

 Your Spells              Type           Power        Failure   Level  Hunger
a - Beastly Appendage     Tmut           #.....       9%          1    #......

Your spell library contained the following spells:

 Spells                   Type           Power        Failure   Level  Hunger
 Sticks to Snakes         Tmut           #.......     14%         2    ###....
 Spider Form              Tmut/Pois      #.........   38%         3    ###....
 Ice Form                 Ice/Tmut       #.......     80%         4    #####..
 Blade Hands              Tmut           #.........   94%         5    ######.


Dungeon Overview and Level Annotations

Branches:
Dungeon (2/15)

Altars:
Yredelemnul


Innate Abilities, Weirdness & Mutations

You cannot wear most types of armour.
You are very stealthy in the water. (Stealth+)
You are amphibious.
You can wear up to eight rings at the same time.
You can use your tentacles to constrict eight enemies at once.
Your skin changes colour to match your surroundings (Stealth+).
Your rubbery body absorbs attacks. (AC +1, EV +1)


Message History

You completely miss the adder. You grab the adder. You constrict the adder.
The The adder closely misses you.
You hit the adder. Your grab misses the adder. Your squeeze misses the adder.
The adder is moderately wounded.
You constrict the adder. The adder misses you. The adder barely misses you.
The The gnoll misses you.
The gnoll hits you from afar with a halberd!
* * * LOW HITPOINT WARNING * * *
It was a potion of curing.
You feel better.
You constrict the adder.
The bat
* * * LOW HITPOINT WARNING * * *
The adder misses you. The gnoll hits you.
* * * LOW HITPOINT WARNING * * *
A hobgoblin comes into view.
You hit the gnoll but do no damage. Your grab misses the gnoll.
Your squeeze The adder bites you but does no damage.
The giant cockroach bites you but does no damage.
The adder closely misses you.
The gnoll hits you from afar with a halberd!
Ouch! That really hurt!
You die...

## .##### .
.#... .. .#.####
..# #..
......#######
...# ....
............+..#
##...
#.....####.....#
.... ##.....#
#.####g##..#
####..#
#.#$..#gb.# #..#
#[#)g.#Ss## #..#
#รท#[l.#@gg#
#..#
#.####S##..#
...# #....b#.#
..# #.##
####..##b# ...
#.# ##...#.# ..#
#.# ##..##.# .#
#...#?# # #..###
.... ###


You could see 2 gnolls, 2 adders, a giant cockroach, 2 hobgoblins and 2 bats.

Vanquished Creatures
  A gnoll (D:2)
  A ball python (D:1)
  4 hobgoblins
  3 jackals (D:1)
  4 kobolds (D:1)
  4 bats (D:1)
  2 frilled lizards (D:1)
  7 goblins
  4 rats
30 creatures vanquished.

Notes
Turn   | Place    | Note
-------+----------+-------------------------------------------
     0 | D:1      | bli the Octopode Transmuter began the quest for the Orb.
     0 | D:1      | Reached XP level 1. HP: 13/13 MP: 3/3
   384 | D:1      | Reached XP level 2. HP: 12/18 MP: 3/5
   692 | D:1      | Reached skill level 1 in Stealth
   985 | D:1      | Reached XP level 3. HP: 23/23 MP: 6/6
  1195 | D:2      | Found a basalt altar of Yredelemnul.
  1412 | D:2      | Reached skill level 1 in Short Blades
  1416 | D:2      | Demolished by a gnoll

Vault maps used:
D:1:      onia_arrival_pentagram
D:2:      nicolae_overflow_crystal_walls, makhleb_blood_cavern_becter,
          old_standard_altar, gammafunk_temple_overflow_elements, minmay_vboxes

Skill      XL: |  1  2  3 |
---------------+----------+-----
Stealth        | 1 |  1.6
Short Blades   | 1 |  1.0
Fighting       | |  1.4
Dodging        | |  2.3
Unarmed Combat | |  3.4
Spellcasting   | |  2.0
Transmutations | |  2.2

Action                   || total
-------------------------++-------
Melee: Unarmed           ||    54
       Constrict         ||    17
       Tentacles         ||     6
       Kick              ||     3
       Dagger            ||    20
       Punch             ||     1
 Cast: Beastly Appendage ||     5
  Use: Potion            ||     1
 Stab: Sleeping          ||     8
  Eat: Chunk             ||     2
Armor: Skin              ||    13
Dodge: Dodged            ||    51

Table legend:
 A = Non-vault XP
 B = Vault XP
 C = Vault XP percentage of total XP
 D = Non-vault monster count
 E = Vault monster count
 F = Vault count percentage of total count
                 A         B        C        D         E       F
            +---------+---------+-------+---------+---------+-------
      Total |      61 |       0 |   0.0 |      30 |       0 |   0.0
            +---------+---------+-------+---------+---------+-------
        D:1 |      42 |       0 |   0.0 |      26 |       0 |   0.0
        D:2 |      19 |       0 |   0.0 |       4 |       0 |   0.0
            +---------+---------+-------+---------+---------+-------
